Map: Orbital Shipyard

Players

FireCake

  • Race: Zerg Zerg

Has - Winner!

  • Race: Protoss Protoss

Event: 2016 WCS Winter Circuit Championship

VOD

Have the link to the VOD?

Description

Time

  • Played on: March 3, 2016, 9:38 a.m.
  • Length: 16:06

All games in this series

Show
View Real Time Build Order
Export as new Build Order

FireCake Zerg 

Build Orders: Hatch First, Lurkers 

Get SALT Encoding   

  12  0:00  Drone  
  13  0:08  Drone  
  14  0:17  Overlord  
  14  0:23  Drone, Extractor  
  15  0:35  Drone x2  
  17  0:52  Hatchery  
  17  0:55  Drone  
  17  0:58  Drone  
  18  1:09  Extractor  
  17  1:15  Spawning Pool  
  17  1:16  Drone  
  17  1:19  Drone  
  18  1:26  Drone  
  19  1:38  Overlord  
  19  1:48  Drone  
  20  1:59  Drone  
  21  2:01  Queen  
  21  2:04  Queen, Zergling x2  
  26  2:10  Metabolic Boost  
  26  2:11  Drone  
  27  2:15  Drone  
  27  2:22  Drone  
  29  2:37  Queen, Overlord  
  29  2:39  Queen  
  33  2:45  Zergling x2  
  33  2:46  Zergling x4  
  36  2:54  Overlord  
  36  2:59  Evolution Chamber  
  34  3:09  Drone  
  34  3:10  Drone x3  
  37  3:22  Zergling x6  
  37  3:25  Drone  
  40  3:32  Hatchery, Drone x3  
  42  3:41  Overlord  
  42  3:45  Drone x2  
  43  3:54  Drone x6  
  49  3:56  Overlord  
  49  4:03  Overlord  
  49  4:18  Roach Warren  
  49  4:23  Zergling x18  
  57  4:37  Evolution Chamber  
  56  4:41  Evolution Chamber  
  53  4:56  Zergling x26  
  56  5:08  Drone x3  
  51  5:15  Drone  
  48  5:24  Drone x3  
  51  5:29  Extractor  
  50  5:36  Drone x7  
  50  5:40  Drone  
  50  5:41  Drone, Lair  
  59  5:47  Drone  
  59  5:57  Drone  
  59  5:58  Drone x5  
  59  6:00  Drone x2  
  67  6:07  Drone x4  
  71  6:11  Extractor  
  71  6:13  Evolution Chamber  
  71  6:15  Extractor  
  68  6:24  Drone x6  
  74  6:26  Overlord  
  74  6:27  Overlord  
  74  6:31  Overlord  
  74  6:32  Overlord x2  
  73  6:45  Roach x7  
  87  6:51  Roach  
  87  6:53  Spine Crawler x2, Roach x2  
  91  6:56  Roach x2  
  95  7:02  Zerg Missile Weapons Level 1  
  95  7:06  Drone  
  95  7:07  Drone x5  
  101  7:11  Drone x3  
  101  7:12  Overseer  
  104  7:17  Ravager x2  
  106  7:26  Spine Crawler x2  
  106  7:28  Zergling x4  
  106  7:29  Overlord x2  
  104  7:49  Roach x2  
  104  7:50  Zergling x2, Roach x9  
  114  7:56  Zergling x2, Roach x2  
  103  8:01  Zergling x2, Roach  
  103  8:05  Roach  
  94  8:12  Roach x3  
  92  8:18  Drone x2  
  91  8:20  Drone x2  
  91  8:21  Drone x3  
  91  8:24  Drone  
  91  8:25  Drone x2  
  99  8:29  Drone x2  
  99  8:33  Drone  
  102  8:36  Glial Reconstitution  
  99  8:48  Drone x8  
  107  8:54  Extractor  
  107  8:55  Extractor  
  105  8:56  Drone x4  
  105  8:57  Zerg Missile Weapons Level 2  
  105  9:01  Zergling x2  
  110  9:11  Ravager  
  110  9:12  Queen x2, Zergling x6  
  110  9:14  Queen  
  120  9:20  Ravager  
  121  9:24  Overlord x3  
  121  9:33  Hatchery  
  121  9:37  Zergling x4  
  121  9:38  Overlord  
  122  9:43  Hydralisk Den  
  122  9:44  Ravager  
  122  9:45  Ravager  
  123  9:55  Drone x3  
  126  10:06  Drone  
  128  10:07  Spore Crawler, Drone x5  
  130  10:18  Hydralisk x5  
  130  10:19  Lurker Den  
  140  10:28  Hydralisk x6  
  140  10:30  Overlord x3  
  152  10:40  Overseer  
  152  10:46  Overlord x4  
  152  10:49  Overseer  
  152  10:50  Overseer  
  152  10:51  Overseer  
  150  11:00  Hydralisk x5  
  150  11:01  Zergling x2  
  158  11:12  Hatchery  
  158  11:15  Spore Crawler x2  
  158  11:17  Spore Crawler  
  154  11:21  Spore Crawler  
  154  11:23  Spore Crawler  
  148  11:26  Extractor  
  148  11:30  Drone x3, Extractor  
  148  11:31  Drone x4  
  150  11:43  Infestation Pit  
  149  11:48  Lurker x5  
  149  11:49  Lurker  
  149  11:50  Zergling x2  
  130  12:10  Drone  
  130  12:11  Drone  
  130  12:12  Roach x4  
  120  12:30  Hydralisk x2  
  93  12:37  Roach x2  
  93  12:43  Hydralisk  
  83  12:44  Zergling x2  
  78  12:58  Drone x3  
  67  13:15  Hatchery  
  66  13:21  Spore Crawler  
  66  13:22  Lurker, Spore Crawler  
  66  13:23  Lurker  
  66  13:26  Lurker  
  44  13:55  Hydralisk x2  
  44  14:02  Hydralisk  
  48  14:04  Hatchery  
  49  14:18  Hydralisk  
  51  14:26  Lurker  
  51  14:27  Hydralisk  
  51  14:30  Lurker  
  52  14:50  Hydralisk x4  
  55  15:07  Hydralisk x5  
  55  15:14  Overseer  
  62  15:44  Hatchery  
Show
View Real Time Build Order
Export as new Build Order

Has Protoss - Winner!

Build Orders:  

Get SALT Encoding   

  12  0:01  Probe (Chrono Boost)  
  13  0:11  Probe (Chrono Boost)  
  14  0:17  Pylon  
  14  0:22  Probe (Chrono Boost)  
  15  0:35  Probe (Chrono Boost)  
  16  0:38  Gateway  
  16  0:46  Probe (Chrono Boost)  
  16  0:49  Assimilator  
  17  0:56  Probe (Chrono Boost)  
  18  1:01  Gateway  
  18  1:07  Probe (Chrono Boost)  
  19  1:13  Pylon  
  19  1:17  Probe (Chrono Boost)  
  20  1:25  Cybernetics Core  
  20  1:28  Probe (Chrono Boost)  
  23  1:51  Nexus  
  21  2:02  Adept  
  21  2:03  Adept  
  21  2:06  Probe (Chrono Boost)  
  26  2:09  Warp Gate  
  26  2:14  Assimilator  
  26  2:17  Probe (Chrono Boost)  
  27  2:26  Pylon  
  28  2:33  Mothership Core (Chrono Boost)  
  29  2:46  Gateway  
  29  2:48  Gateway  
  29  2:52  Probe (Chrono Boost)  
  30  3:02  Probe (Chrono Boost)  
  32  3:05  Probe (Chrono Boost)  
  32  3:13  Probe (Chrono Boost)  
  32  3:16  Probe (Chrono Boost)  
  32  3:23  Probe (Chrono Boost)  
  32  3:26  Twilight Council, Probe (Chrono Boost)  
  34  3:31  Adept  
  37  3:34  Probe (Chrono Boost), Adept  
  37  3:37  Probe (Chrono Boost)  
  40  3:45  Probe (Chrono Boost)  
  40  3:48  Probe (Chrono Boost)  
  42  3:55  Probe (Chrono Boost)  
  43  3:58  Probe (Chrono Boost)  
  43  4:00  Pylon  
  44  4:06  Probe (Chrono Boost)  
  44  4:09  Probe (Chrono Boost)  
  46  4:13  Adept x4  
  54  4:18  Probe (Chrono Boost)  
  54  4:21  Probe (Chrono Boost)  
  56  4:33  Nexus  
  56  4:36  Pylon, Probe (Chrono Boost)  
  56  4:38  Probe (Chrono Boost)  
  58  4:47  Probe (Chrono Boost)  
  58  4:48  Probe (Chrono Boost)  
  58  4:51  Sentry  
  62  4:55  Sentry x2  
  62  4:56  Pylon  
  62  4:57  Probe (Chrono Boost)  
  62  4:59  Probe (Chrono Boost)  
  62  5:08  Probe (Chrono Boost)  
  62  5:09  Probe (Chrono Boost)  
  64  5:16  Blink (Chrono Boost)  
  64  5:18  Probe (Chrono Boost)  
  64  5:19  Probe (Chrono Boost)  
  56  5:23  Robotics Facility  
  56  5:26  Gateway  
  56  5:27  Assimilator  
  56  5:28  Gateway, Assimilator  
  56  5:29  Probe x2  
  56  5:33  Sentry  
  60  5:39  Probe  
  60  5:41  Probe  
  61  5:43  Gateway  
  61  5:45  Gateway  
  61  5:48  Gateway, Probe  
  62  5:50  Probe  
  62  5:55  Gateway, Probe  
  64  5:58  Probe  
  64  6:00  Probe  
  66  6:07  Probe  
  66  6:10  Warp Prism (Chrono Boost)  
  69  6:13  Stalker x3  
  69  6:17  Stalker  
  77  6:23  Pylon  
  77  6:30  Stalker x2  
  81  6:34  Pylon  
  81  6:39  Stalker x3  
  88  6:47  Observer (Chrono Boost)  
  88  6:52  Assimilator  
  88  6:54  Zealot  
  88  6:55  Pylon  
  90  7:05  Stalker x3  
  90  7:06  Stalker x4  
  104  7:12  Pylon  
  104  7:16  Pylon  
  104  7:26  Adept x3  
  104  7:28  Adept  
  104  7:29  Adept x2  
  116  7:30  Adept x2  
  116  7:31  Adept  
  116  7:32  Adept  
  118  7:51  Stalker x2  
  118  7:52  Stalker  
  118  7:54  Stalker  
  118  7:56  Stalker  
  118  7:58  Stalker  
  100  8:06  Stalker  
  100  8:07  Stalker x3  
  100  8:10  Probe  
  100  8:11  Probe  
  84  8:17  Stalker x2  
  84  8:18  Stalker x4  
  88  8:25  Probe  
  88  8:26  Probe  
  90  8:30  Stalker x3  
  92  8:36  Warp Prism (Chrono Boost)  
  94  8:49  Stalker x4  
  94  8:50  Stalker  
  94  8:54  Assimilator  
  104  8:56  Stalker  
  104  9:01  Pylon  
  106  9:02  Pylon  
  106  9:03  Pylon  
  106  9:10  Dark Shrine  
  106  9:21  Zealot x4  
  114  9:30  Immortal (Chrono Boost)  
  118  9:31  Pylon  
  118  9:32  Pylon  
  118  9:50  Sentry x2  
  118  9:51  Nexus, Sentry x2  
  118  9:52  Pylon  
  126  10:04  Immortal (Chrono Boost)  
  126  10:06  Pylon  
  130  10:09  Pylon  
  130  10:18  Forge  
  130  10:21  Adept  
  132  10:28  Probe  
  132  10:29  Probe x2  
  132  10:32  Dark Templar x4  
  132  10:33  Dark Templar  
  145  10:38  Probe  
  145  10:41  Probe  
  147  10:53  Probe  
  147  10:55  Probe  
  145  11:05  Stalker x2  
  145  11:06  Stalker x6  
  145  11:07  Stalker x2  
  145  11:08  Protoss Ground Weapons Level 1  
  145  11:10  Photon Cannon  
  165  11:15  Photon Cannon  
  165  11:16  Photon Cannon, Immortal (Chrono Boost)  
  165  11:18  Photon Cannon  
  169  11:31  Stalker  
  169  11:32  Stalker x4  
  177  11:33  Stalker  
  179  11:45  Assimilator  
  179  11:46  Assimilator  
  179  12:03  Zealot x2  
  179  12:04  Zealot x7  
  179  12:05  Zealot  
  191  12:12  Observer (Chrono Boost)  
  150  12:44  Stalker x6  
  124  12:45  Stalker x4  
  118  13:02  Warp Prism (Chrono Boost)  
  114  13:13  Stalker  
  114  13:14  Stalker x6  
  114  13:15  Stalker x3  
  114  13:16  Protoss Ground Weapons Level 2  
  134  13:38  Nexus  
  132  13:50  Stalker  
  132  13:51  Stalker x6  
  132  13:52  Stalker x3  
  152  14:03  Pylon  
  152  14:17  Stalker x5  
  152  14:18  Stalker x4  
  170  14:37  Observer (Chrono Boost)  
  170  14:41  Zealot x4  
  170  14:44  Zealot  
  180  14:51  Assimilator  
  180  14:52  Assimilator  
  180  14:54  Zealot x5  
  172  15:38  Zealot x2  
  172  15:39  Zealot x2  
Tags
 
Add a new tag
Caveats
  • Supply blocks, unpowered buildings, or Contaminate may cause inaccurate times.
  • Supply counts are checked every 10 seconds.